 Dungeon Crawl Stone Soup version 0.30-a0-12-gd8047c6341 (webtiles) character file.

Game seed: 14812910346109636922

28 ytrimaz the Insei (level 2, -2/21 HPs)
             Began as a Demonspawn Transmuter on Aug 23, 2022.
             Slain by Jessica
             ... wielding a +0 club
              (4 damage)
             ... on level 2 of the Dungeon.
             The game lasted 00:00:54 (1089 turns).

ytrimaz the Insei (Demonspawn Transmuter)           Turns: 1089, Time: 00:00:55

Health: -2/21      AC:  2    Str: 10    XL:     2   Next: 96%
Magic:  5/5        EV: 12    Int: 14    God:
Gold:   21         SH:  0    Dex: 13    Spells: 4/5 levels left

rFire   . . .      SeeInvis .      - Unarmed
rCold   . . .      Faith    .    (no shield)
rNeg    . . .      Spirit   .    a - +0 robe
rPois   .          Reflect  .    (helmet currently unavailable)
rElec   .          Harm     .    (no cloak)
rCorr   .          Rampage  .    (no gloves)
Will    .....                    (boots currently unavailable)
Stlth   +.........               (no amulet)
HPRegen 0.07/turn                (no ring)
MPRegen 0.09/turn                (no ring)

@: appendages (expiring)
A: horns 2, talons 2, claws 1
a: End Transformation


You were on level 2 of the Dungeon.
You had temporarily grown beastly horns and talons.
You visited 1 branch of the dungeon, and saw 2 of its levels.

You collected 21 gold pieces.

Inventory:

Armour
 a - a +0 robe (worn)
Scrolls
 c - 3 scrolls of identify {unknown}
 d - a scroll of butterflies {unknown}
 e - 2 scrolls of magic mapping {unknown}
 f - a scroll of teleportation {unknown}
Potions
 b - a potion of lignification


   Skills:
 - Level 1.0 Fighting
 - Level 1.7 Dodging
 + Level 3.7 Unarmed Combat
 - Level 2.0 Spellcasting
 + Level 2.0 Transmutations


You had 4 spell levels left.
You knew the following spells:

 Your Spells              Type           Power      Damage    Failure   Level
a - Beastly Appendage     Tmut           14%        N/A       11%         1

Your spell library contained the following spells:

 Spells                   Type           Power      Damage    Failure   Level
 Wereblood                Tmut           7%         N/A       16%         2
 Spider Form              Tmut/Pois      4%         N/A       43%         3
 Ice Form                 Ice/Tmut       4%         N/A       83%         4


Dungeon Overview and Level Annotations

Branches:
Dungeon (2/15)

Altars:

Annotations:
D:2 Jessica


Innate Abilities, Weirdness & Mutations

You have temporarily grown beastly horns and talons.
You have sharp fingernails.


Message History

You barely miss the goblin. The goblin misses you.
You closely miss the goblin. You headbutt the goblin.
You kill the goblin!
Jessica mumbles some strange words.
Jessica blinks!
A jackal comes into view.
The adder closely misses you. The adder attacks as you move away!
The adder barely misses you. The adder closely misses you.
There is a stone staircase leading up here.
You claw the adder! Your kick misses the adder.
The adder is severely wounded.
The adder closely misses you.
You claw the adder!
You kill the adder!
Your transformation is almost over.
An endoplasm comes into view.
Your Transmutations skill increases to level 2!
You closely miss the jackal.
The endoplasm quivers.
The jackal barks!
Your headbutt misses the jackal. You claw the jackal.
The jackal is moderately wounded.
The jackal closely misses you.
You scratch the jackal.
You kill the jackal!
Jessica hits you with a +0 club.
You scratch Jessica but do no damage. You claw Jessica, but do no damage.
Jessica hits you with a +0 club.
You scratch Jessica but do no damage. Your kick misses Jessica.
Jessica mumbles some strange words.
Jessica seems to speed up.
You barely miss Jessica. Jessica gestures at you while chanting.
Pain shoots through your body!
* * * LOW HITPOINT WARNING * * *
The jackal closely misses you.
Jessica shouts, "I don't like beings like you!"
Jessica hits you with a +0 club.
You die...

#......#...
##..........
#...........
#.<.........
#.......$...
#...........
#...........
##h@........
#@.J...#...
#.).#..## #
#.#...##
#.#...#
.....##
....#.#
...## .# .##
.#


You could see Jessica (fast), an endoplasm and a jackal.

Vanquished Creatures
  An adder (D:2)
  A dart slug (D:1)
  2 endoplasms (D:1)
  A giant cockroach (D:1)
  A hobgoblin (D:1)
  A jackal (D:2)
  A quokka (D:1)
  2 ball pythons (D:1)
  A frilled lizard (D:1)
  A goblin (D:2)
  2 kobolds (D:1)
  4 rats (D:1)
18 creatures vanquished.

Notes
Turn   | Place    | Note
-------+----------+-------------------------------------------
     0 | D:1      | ytrimaz the Demonspawn Transmuter began the quest for the
                  | Orb.
     0 | D:1      | Reached XP level 1. HP: 15/15 MP: 3/3
   135 | D:1      | Reached skill level 3 in Unarmed Combat
   595 | D:1      | Gained mutation: You have sharp fingernails. [demonic
                  | ancestry]
   595 | D:1      | Reached XP level 2. HP: 14/21 MP: 3/5
  1075 | D:2      | Noticed Jessica
  1089 | D:2      | Slain by Jessica

Illustrated notes

Levels and vault maps discovered:
D:1:      heliophobic_arrival_henge, layout_loops_ring
D:2:      layout_rooms, uniq_jessica

Skill      XL: |  1  2 |
---------------+-------+-----
Unarmed Combat | 3 |  3.7
Transmutations | 2 |  2.0
Fighting       | |  1.0
Dodging        | |  1.7
Spellcasting   | |  2.0

Action                   || total
-------------------------++-------
Melee: Unarmed           ||    37
       Kick              ||     6
       Headbutt          ||     5
       Punch             ||     1
 Cast: Beastly Appendage ||    19
 Stab: Sleeping          ||     1
Armor: Robe              ||     1
Dodge: Dodged            ||    22

Table legend: (Time is in decaauts)
 A = Elapsed time spent in this place.
 B = Non-inter-level travel time spent in this place.
 C = Inter-level travel time spent in this place.
 D = Time resting spent in this place.
 E = Time spent auto-exploring this place.
 F = Levels seen in this place.
 G = Mean time per level.
                   A        B        C        D        E       F      G
               +--------+--------+--------+--------+--------+-----+--------+
         Total |   1086 |   1079 |      7 |      0 |    931 |   2 |  543.0 |
       Dungeon |   1086 |   1079 |      7 |      0 |    931 |   2 |  543.0 |
               +--------+--------+--------+--------+--------+-----+--------+

Top non-repeatable levels by time:
     D:1: 1073 daAuts
     D:2: 13 daAuts
